 Dungeon Crawl Stone Soup version 0.22.1-1-ga44c0e5 (webtiles) character file.

487 Fang the Chopper (level 7, -5/44 HPs)
             Began as a Gargoyle Berserker on Oct 9, 2018.
             Was a Priest of Trog.
             Slain by Sigmund
             ... wielding a +0 scythe
              (11 damage)
             ... on level 5 of the Dungeon.
             The game lasted 00:04:52 (5436 turns).

Fang the Chopper (Gargoyle Berserker)               Turns: 5436, Time: 00:04:52

Health: -5/44      AC:  9    Str: 22    XL:     7   Next: 13%
Magic:  7/7        EV: 13    Int:  8    God:    Trog [***...]
Gold:   258        SH:  0    Dex:  9    Spells: 6/6 levels left

rFire    . . .     SeeInvis .   a - +0 hand axe
rCold    . . .     Gourm    .   (no shield)
rNeg     + . .     Faith    .   b - +0 animal skin
rPois    ∞         Spirit   .   (no helmet)
rElec    +         Reflect  .   (no cloak)
rCorr    .         Harm     .   (no gloves)
MR       .....                  p - +1 pair of boots
Stlth    +++.......             o - amulet of magic regeneration
HPRegen  0.14/turn              l - ring of stealth
MPRegen  0.35/turn              (no ring)

@: berserk cooldown, slowed, very slow
A: negative energy resistance 1, electricity resistance, unbreathing,
petrification resistance, rot immunity, AC +4
a: Berserk, Trog's Hand, Renounce Religion


You were on level 5 of the Dungeon.
You worshipped Trog.
Trog was most pleased with you.
You were near starving.

You visited 2 branches of the dungeon, and saw 6 of its levels.

You collected 258 gold pieces.

Inventory:

Hand Weapons
 a - a +0 hand axe (weapon)
Armour
 b - a +0 animal skin (worn)
 p - a +1 pair of boots (worn)
Jewellery
 l - a ring of stealth (left hand)
 o - an amulet of magic regeneration (around neck)
Wands
 i - a wand of random effects (24)
Scrolls
 d - 3 scrolls of identify {unknown}
 k - 3 scrolls of amnesia {unknown}
 m - a scroll of enchant weapon {unknown}
 q - a scroll of magic mapping {unknown}
Potions
 e - 2 potions of cancellation {unknown}
 f - 2 potions of heal wounds {unknown}
 g - 3 potions of agility {unknown}
 h - a potion of haste {unknown}
 j - 3 potions of curing {unknown}
 n - a potion of invisibility {unknown}
Comestibles
 c - 6 rations


   Skills:
 + Level 4.7 Fighting
 + Level 5.1 Axes
 + Level 2.5 Armour
 + Level 3.1 Dodging
 + Level 2.9 Stealth


You had 6 spell levels left.
You didn't know any spells.
Your spell library was empty.

Dungeon Overview and Level Annotations

Branches:
Dungeon (5/15)             Temple (1/1) D:4

Altars:
Kikubaaqudgha
Okawaru
Ru
Wu Jian
Yredelemnul
The Shining One

Shops:
D:4 !

Annotations:
D:5 Sigmund


Innate Abilities, Weirdness & Mutations

You are resistant to torment.
Your stone body is resilient. (AC +4)
You are immune to poison.
You resist negative energy. (rN+)
You are resistant to electric shocks. (rElec)
You can survive without breathing.
You are immune to petrification.
You are immune to rotting.


Message History

You hit the hound skeleton.
The hound skeleton is almost destroyed.
The hound skeleton bites you but does no damage.
Something hits you.
* * * LOW HITPOINT WARNING * * *
The hound skeleton misses you.
The hound skeleton completely misses you.
You hit the hound skeleton.
You destroy the hound skeleton!
Trog accepts your kill.
You hear some strange, mumbled words.
A puff of flame appears from out of thin air!
The puff of flame hits you!
* * * LOW HITPOINT WARNING * * *
Something completely misses you. Something hits you but does no damage.
There is a stone staircase leading up here.
You can't go down here!
Something hits you!
You die...

... ...#######
.........#
........@##
..#..###({##
...........##.##
................
..............#.
................
..........>..#.#
..........##....
..........# .###


There were no monsters in sight!

Vanquished Creatures
  A phantom (D:4)
  2 orc wizards (D:4)
  2 hounds (D:4)
  An iguana (D:4)
  2 worker ants (D:4)
  Natasha (D:2)
  A hound skeleton (D:5)
  Robin (D:2)
  A gnoll (D:1)
  5 adders
  An ooze (D:1)
  A worm (D:3)
  A dart slug (D:4)
  4 leopard geckos
  5 orcs
  10 bats
  8 giant cockroaches
  15 goblins
  6 hobgoblins
  5 jackals
  5 kobolds
  4 quokkas
  2 ball pythons
  3 frilled lizards
  6 rats
93 creatures vanquished.

Notes
Turn   | Place    | Note
-------+----------+-------------------------------------------
     0 | D:1      | Fang the Gargoyle Berserker began the quest for the Orb.
     0 | D:1      | Reached XP level 1. HP: 14/14 MP: 1/1
    65 | D:1      | Reached skill level 3 in Axes
    65 | D:1      | Reached XP level 2. HP: 5/19 MP: 2/2
   593 | D:1      | Reached XP level 3. HP: 19/24 MP: 3/3
  1221 | D:2      | Noticed Natasha
  1229 | D:2      | Killed Natasha
  1229 | D:2      | Reached XP level 4. HP: 19/29 MP: 4/4
  1237 | D:2      | Reached ** piety under Trog
  1508 | D:2      | Found an ornate altar of the Wu Jian Council.
  1578 | D:2      | Found an iron altar of Okawaru.
  1719 | D:2      | Reached skill level 1 in Stealth
  1729 | D:2      | Found a glowing golden altar of the Shining One.
  1768 | D:2      | Noticed Robin
  1784 | D:2      | Killed Robin
  2205 | D:2      | Reached XP level 5. HP: 31/33 MP: 5/5
  2823 | D:3      | Reached skill level 4 in Axes
  2950 | D:3      | Reached *** piety under Trog
  3003 | D:3      | Found an ancient bone altar of Kikubaaqudgha.
  3628 | D:4      | Reached XP level 6. HP: 9/39 MP: 6/6
  4498 | D:4      | Found a sacrificial altar of Ru.
  4604 | D:4      | Found Toonnoor's Distillery.
  5053 | D:4      | Noticed a phantom
  5061 | D:4      | Killed a phantom
  5061 | D:4      | Reached skill level 5 in Axes
  5061 | D:4      | Reached XP level 7. HP: 44/44 MP: 7/7
  5258 | D:4      | Found a basalt altar of Yredelemnul.
  5277 | D:4      | Found a staircase to the Ecumenical Temple.
  5387 | Temple   | Entered the Ecumenical Temple
  5411 | D:5      | Entered Level 5 of the Dungeon
  5411 | D:5      | Noticed Sigmund
  5436 | D:5      | Slain by Sigmund

Skill      XL: |  1  2  3  4  5  6 |
---------------+-------------------+-----
Axes           | 3 4 5 |  5.1
Dodging        | 2 3 |  3.1
Fighting       | 4 |  4.7
Stealth        | 1 2 |  2.9
Armour         | |  2.5

Action                   |  1- 3 |  4- 6 |  7- 9 || total
-------------------------+-------+-------+-------++-------
Melee: Hand axe          |    63 |   296 |    22 ||   381
Invok: Berserk           |     2 |     3 |     1 ||     6
 Stab: Sleeping          |       |     7 |       ||     7
       Invisible         |       |     1 |       ||     1
       Paralysed         |       |     1 |       ||     1
  Eat: Chunk             |     2 |    15 |     1 ||    18
Armor: Animal skin       |    23 |   115 |    13 ||   151
Dodge: Dodged            |    48 |   221 |    22 ||   291
